 Dungeon Crawl Stone Soup version 0.23-a0-494-g91793a9 (webtiles) character file.

371 MalarOregon the Poker (level 6, -1/48 HPs)
             Began as a Merfolk Gladiator on Dec 3, 2018.
             Was an Initiate of Okawaru.
             Splashed by a jelly's acid (8 damage)
             ... on level 5 of the Dungeon.
             The game lasted 00:07:14 (4018 turns).

MalarOregon the Poker (Merfolk Gladiator)           Turns: 4018, Time: 00:07:14

Health: -1/48      AC:  2    Str: 14    XL:     6   Next: 71%
Magic:  6/6        EV: 15    Int:  9    God:    Okawaru [......]
Gold:   154        SH:  0    Dex: 16    Spells: 5/5 levels left

rFire    . . .     SeeInvis .   a - +0 trident
rCold    . . .     Gourm    .   (no shield)
rNeg     . . .     Faith    .   b - +0 leather armour
rPois    .         Spirit   .   c - +1 helmet
rElec    .         Reflect  .   (no cloak)
rCorr    .         Harm     .   f - +0 pair of gloves
MR       .....                  (no boots)
Stlth    ++........             (no amulet)
HPRegen  0.16/turn              l - ring of stealth
MPRegen  0.10/turn              (no ring)

@: corroded
A: change form in water, swift swim, stealthy swim
a: Renounce Religion


You were on level 5 of the Dungeon.
You worshipped Okawaru.
Okawaru was noncommittal.
You were not hungry.

You visited 1 branch of the dungeon, and saw 5 of its levels.

You collected 154 gold pieces.

Inventory:

Hand Weapons
 a - a +0 trident (weapon)
Armour
 b - a +0 leather armour (worn)
 c - a +1 helmet (worn)
 f - a +0 pair of gloves (worn)
   (You found it on level 1 of the Dungeon)
Jewellery
 l - a ring of stealth (left hand)
   (You found it on level 1 of the Dungeon)
Scrolls
 d - a scroll of teleportation {@r4}
 j - 3 scrolls of magic mapping
 n - 2 scrolls of remove curse {@r2}
 o - a scroll of fog {unknown}
 s - a scroll of identify {@r1}
Potions
 h - 3 potions of curing {@q1}
 i - a potion of agility {unknown}
 k - 3 potions of flight
 m - 3 potions of mutation {!q}
 p - a potion of brilliance {unknown}
 q - a potion of cancellation {unknown}
 t - a potion of degeneration {unknown}
 v - a potion of resistance {unknown}
Comestibles
 e - 8 rations {!d}


   Skills:
 * Level 4.3 Fighting
 * Level 6.4 Polearms
 + Level 3.0 Throwing
 + Level 1.3 Armour
 * Level 5.9 Dodging


You had 5 spell levels left.
You didn't know any spells.
Your spell library was empty.

Dungeon Overview and Level Annotations

Branches:
Dungeon (5/15)
 Temple: D:4-7

Altars:
Ashenzari
Okawaru
Vehumet
Xom


Message History

The shadow imp misses you.
You completely miss the shadow imp. The shadow imp gestures at you.
Pain shoots through your body!
* * * LOW HITPOINT WARNING * * *
You hit the shadow imp but do no damage.
The shadow imp completely misses you.
You barely miss the shadow imp. The shadow imp closely misses you.
You hit the shadow imp.
The shadow imp hits you but does no damage.
You closely miss the shadow imp.
The shadow imp grinds its teeth.
The shadow imp barely misses you.
You hit the shadow imp. The shadow imp barely misses you.
You barely miss the shadow imp. The shadow imp closely misses you.
You hit the shadow imp but do no damage.
The shadow imp hits you.
* * * LOW HITPOINT WARNING * * *
The jelly jiggles.
You hit the shadow imp.
You kill the shadow imp!
Okawaru accepts your kill.
You barely miss the worker ant.
The worker ant bites you but does no damage.
You hit the worker ant but do no damage.
The worker ant misses you.
You barely miss the worker ant.
The worker ant bites you but does no damage.
You closely miss the worker ant. The worker ant closely misses you.
You hit the worker ant. The worker ant closely misses you. x2
You hit the worker ant but do no damage.
The worker ant closely misses you.
You hit the worker ant. The worker ant misses you.
You barely miss the worker ant. The worker ant bites you.
* * * LOW HITPOINT WARNING * * *
You are poisoned.
The worker ant poisons you!
You feel better. The worker ant closely misses you.
You closely miss the worker ant. The worker ant bites you.
* * * LOW HITPOINT WARNING * * *
You hit the worker ant.
You kill the worker ant!
Okawaru accepts your kill.
Your Throwing skill increases to level 3!
You hit the jelly.
Your hands burn!
* * * LOW HITPOINT WARNING * * *
The jelly hits you.
* * * LOW HITPOINT WARNING * * *
The acid corrodes you!
You are splashed with acid!
The acid burns!
You die...

....# #........#
#.#.# #.......##
#<#.###.....###
#....##.....###
###..####.....#
#.####..# #...#.#
#.......# #...#.#
#######.#####..#.#
#.[@J....###
#######..###
#....# #...##
#J..# #...# #...#
#...# #...#


You could see a jelly.

Vanquished Creatures
  A bullfrog zombie (D:3)
  An orc wizard (D:4)
  Terence (D:3)
  An iguana (D:5)
  3 worker ants
  7 adders
  A shadow imp (D:5)
  2 oozes (D:1)
  4 worms
  3 dart slugs (D:2)
  A leopard gecko (D:2)
  8 orcs
  2 giant cockroaches (D:1)
  8 goblins
  5 hobgoblins
  6 jackals (D:1)
  3 quokkas
  11 bats
  11 frilled lizards
  7 kobolds
  2 leopard gecko skeletons
  9 rats
97 creatures vanquished.

Notes
Turn   | Place    | Note
-------+----------+-------------------------------------------
     0 | D:1      | MalarOregon the Merfolk Gladiator began the quest for the
                  | Orb.
     0 | D:1      | Reached XP level 1. HP: 16/16 MP: 1/1
    82 | D:1      | Reached XP level 2. HP: 23/23 MP: 2/2
   276 | D:1      | Reached XP level 3. HP: 17/28 MP: 3/3
   486 | D:1      | Reached skill level 5 in Polearms
   810 | D:2      | Reached XP level 4. HP: 23/35 MP: 4/4
  1301 | D:2      | Found a shimmering altar of Xom.
  1800 | D:3      | Reached XP level 5. HP: 40/41 MP: 5/5
  1816 | D:3      | Reached skill level 5 in Dodging
  1919 | D:3      | Noticed Terence
  1931 | D:3      | Killed Terence
  2127 | D:3      | Found a radiant altar of Vehumet.
  2129 | D:3      | Found a shattered altar of Ashenzari.
  2132 | D:3      | Found an iron altar of Okawaru.
  2141 | D:3      | Became a worshipper of Warmaster Okawaru
  2716 | D:3      | Reached skill level 1 in Armour
  2718 | D:3      | Reached skill level 6 in Polearms
  2972 | D:4      | Reached XP level 6. HP: 48/48 MP: 6/6
  3051 | D:4      | Noticed a slave
  3100 | D:4      | Noticed an orc warrior
  3206 | D:4      | Found an iron altar of Okawaru.
  3786 | D:5      | Entered Level 5 of the Dungeon
  4018 | D:5      | Splashed by a jelly's acid

Vault maps used:
D:1:      mainiacjoe_arrival_reflecting_pool
D:2:      old_standard_altar, first_ration
D:3:      grunt_temple_overflow_open, uniq_terence
D:4:      serial_shops, nicolae_shop_statue_plus, kennysheep_okawaru_gauntlet,
          uniq_pikel
D:5:      kennysheep_big_flooded_room

Skill      XL: |  1  2  3  4  5  6 |
---------------+-------------------+-----
Polearms       | 5 6 |  6.4
Fighting       | 3 4 |  4.3
Dodging        | 5 |  5.9
Armour         | 1 |  1.3
Throwing       | 3 |  3.0

Action                   |  1- 3 |  4- 6 || total
-------------------------+-------+-------++-------
Melee: Trident           |   142 |   264 ||   406
Throw: Javelin           |       |     6 ||     6
       Throwing net      |       |     3 ||     3
  Use: Scroll            |     6 |     5 ||    11
       Potion            |       |     1 ||     1
 Stab: Sleeping          |       |     3 ||     3
       Held in net/web   |       |     1 ||     1
  Eat: Chunk             |       |     8 ||     8
       Ration            |       |     1 ||     1
Armor: Leather armour    |    37 |    47 ||    84
Dodge: Dodged            |   106 |   174 ||   280

Table legend:
 A = Non-vault XP
 B = Vault XP
 C = Vault XP percentage of total XP
 D = Non-vault monster count
 E = Vault monster count
 F = Vault count percentage of total count
                 A         B        C        D         E       F
            +---------+---------+-------+---------+---------+-------
      Total |     491 |      40 |   7.5 |      94 |       3 |   3.1
            +---------+---------+-------+---------+---------+-------
        D:1 |      60 |       0 |   0.0 |      32 |       0 |   0.0
        D:2 |      89 |       0 |   0.0 |      28 |       0 |   0.0
        D:3 |     121 |      36 |  22.9 |      21 |       1 |   4.5
        D:4 |     141 |       4 |   2.8 |      10 |       2 |  16.7
        D:5 |      80 |       0 |   0.0 |       3 |       0 |   0.0
            +---------+---------+-------+---------+---------+-------
